 Dungeon Crawl Stone Soup version 0.19.1-1-g22dce08 (webtiles) character file.

126 Megalobster the Conjurer (level 4, -4/24 HPs)
             Began as a Deep Elf Conjurer on Jan 12, 2017.
             Was an Initiate of Vehumet.
             Slain by an iguana (11 damage)
             ... on level 4 of the Dungeon.
             The game lasted 00:46:28 (4078 turns).

Megalobster the Conjurer (Deep Elf Conjurer)        Turns: 4078, Time: 00:46:29

Health: -4/24      AC:  7    Str:  6    XL:     4   Next: 83%
Magic:  5/11       EV: 13    Int: 20    God:    Vehumet [......]
Gold:   269        SH:  0    Dex: 15    Spells: 2 memorised, 6 levels left

rFire  . . .     SeeInvis .     B - +2 dagger (venom)
rCold  . . .     Gourm    .     a - +0 robe
rNeg   . . .     Faith    .     (no shield)
rPois  +         Spirit   .     E - +2 hat
rElec  .         Reflect  .     (no cloak)
rCorr  .         Harm     .     (no gloves)
MR     .....                    J - +2 pair of boots
Stlth  ++........               n - amulet of inaccuracy (curse)
                                h - ring of wizardry
                                p - ring of poison resistance

@: no status effects
A: no striking features
a: Renounce Religion


You were on level 4 of the Dungeon.
You worshipped Vehumet.
Vehumet was noncommittal.
You were not hungry.

You visited 1 branch of the dungeon, and saw 4 of its levels.

You collected 269 gold pieces.

Inventory:

Hand Weapons
 c - a +0 whip
 j - a +0 short sword
 q - a +0 spear
 t - a +0 short sword
 B - a +2 dagger of venom (weapon)
 C - a +0 hunting sling
 D - a +0 falchion
 L - a +0 trident
Missiles
 e - 35 poisoned needles
 o - 38 bolts
 H - 13 stones (quivered)
 M - 48 arrows
Armour
 a - a +0 robe (worn)
 E - a +2 hat (worn)
 J - a +2 pair of boots (worn)
Jewellery
 g - an uncursed ring of see invisible
 h - a ring of wizardry (right hand)
 n - a cursed amulet of inaccuracy (around neck)
 p - a ring of poison resistance (left hand)
 z - an uncursed ring of teleportation
Scrolls
 d - a scroll of immolation
 i - a scroll of recharging {unknown}
 m - a scroll of amnesia {unknown}
 u - 2 scrolls of teleportation
 v - 3 scrolls of identify
 y - 2 scrolls of enchant weapon
 G - a scroll of fog {unknown}
Potions
 f - a potion of curing {unknown}
 l - a potion of heal wounds {unknown}
 r - 2 potions of magic {unknown}
 w - 2 potions of flight {unknown}
 x - a potion of ambrosia {unknown}
 A - a potion of mutation {unknown}
 F - a potion of lignification {unknown}
 O - a potion of brilliance {unknown}
Books
 b - a book of Conjurations

   Spells                             Type                      Level
   a - Magic Dart                     Conjuration                  1
   b - Searing Ray                    Conjuration                  2
   c - Dazzling Spray                 Conjuration/Hexes            3
   d - Fulminant Prism                Conjuration/Hexes            4
   e - Iskenderun's Mystic Blast      Conjuration                  4
   f - Iskenderun's Battlesphere      Conjuration/Charms           5
 s - a book of Maledictions

   Spells                             Type                      Level
   a - Corona                         Hexes                        1
   b - Ensorcelled Hibernation        Hexes/Ice                    2
   c - Confuse                        Hexes                        3
   d - Tukima's Dance                 Hexes                        3
   e - Dazzling Spray                 Conjuration/Hexes            3
Comestibles
 k - 2 meat rations
 I - a royal jelly
 N - a bread ration


   Skills:
 + Level 0.4 Short Blades
 + Level 2.6 Dodging
 - Level 2.4 Stealth
 + Level 3.3 Spellcasting
 * Level 6.6 Conjurations


You had 6 spell levels left.
You knew the following spells:

 Your Spells              Type           Power        Failure   Level  Hunger
a - Magic Dart            Conj           ####         1%          1    None
b - Searing Ray           Conj           ####..       1%          2    ##.....


Dungeon Overview and Level Annotations

Branches:
Dungeon (4/15)
 Temple: D:4-7

Altars:
Ashenzari
Qazlal
Vehumet

Annotations:
D:4 Yoshimo's ghost, amateur DgWz


Message History

The iguana bites you!
Ouch! That really hurt!
* * * LOW HITPOINT WARNING * * *
Casting: Magic Dart
Confirm with . or Enter, or press ? or * to list all spells.
Aiming: Magic Dart
Press: ? - help, Shift-Dir - straight line, f/p - iguana
Aim: an iguana (heavily wounded)
The magic dart hits the iguana.
The iguana is almost dead.
The iguana barely misses you.
Casting: Magic Dart
Confirm with . or Enter, or press ? or * to list all spells.
Aiming: Magic Dart
Press: ? - help, Shift-Dir - straight line, f/p - iguana
Aim: an iguana (almost dead)
The magic dart hits the iguana.
The iguana is almost dead.
The iguana bites you!
You die...

.... .......
#(... #.......
#.... #.......
#.... #..)....
#<... +...$...
#.##.
..######.......
#....
......l$.......
..(.. #@.#
####. ##.# #...
#...# #...
#..#..# #...
#..# #..# ###.
#..# #..# #
#..# #..# #.#
#.# #$ .#


You could see an iguana.

Vanquished Creatures
  2 adders
  2 worms (D:3)
  2 dart slugs
  3 leopard geckos
  12 orcs
  5 bats
  2 giant cockroaches
  12 hobgoblins
  5 kobolds
  3 quokkas (D:2)
  A ball python (D:3)
  5 frilled lizards
  12 goblins
  11 rats
77 creatures vanquished.

Notes
Turn   | Place    | Note
-------+----------+-------------------------------------------
     0 | D:1      | Megalobster the Deep Elf Conjurer began the quest for the Orb.
     0 | D:1      | Reached XP level 1. HP: 10/10 MP: 6/6
   552 | D:1      | Reached XP level 2. HP: 15/15 MP: 5/8
   553 | D:1      | Reached skill level 5 in Conjurations
  1215 | D:1      | Learned a level 2 spell: Searing Ray
  1262 | D:1      | Reached XP level 3. HP: 19/19 MP: 2/9
  1773 | D:2      | Found a shattered altar of Ashenzari.
  2163 | D:2      | Reached skill level 6 in Conjurations
  2456 | D:3      | Reached XP level 4. HP: 24/24 MP: 5/10
  2758 | D:3      | Found a radiant altar of Vehumet.
  2761 | D:3      | Found a stormy altar of Qazlal.
  3293 | D:3      | Became a worshipper of Vehumet
  3776 | D:4      | Noticed Yoshimo's ghost (amateur DgWz)
  3790 | D:4      | HP: 1/24 [crimson imp[Yoshimo's ghost] (2)]
  4078 | D:4      | Slain by an iguana

Skill      XL: |  1  2  3 |
---------------+----------+-----
Conjurations   | 5 6 |  6.6
Short Blades   | |  0.4
Dodging        | |  2.6
Stealth        | |  2.4
Spellcasting   | |  3.3

Action                   |  1- 3 |  4- 6 || total
-------------------------+-------+-------++-------
Melee: Spear             |     1 |       ||     1
       Dagger            |       |    34 ||    34
 Cast: Magic Dart        |    84 |    53 ||   137
       Searing Ray       |     3 |    14 ||    17
  Use: Scroll            |     3 |     3 ||     6
  Eat: Chunk             |     5 |     2 ||     7
       Bread ration      |       |     1 ||     1
Armor: Robe              |     2 |     5 ||     7
Dodge: Dodged            |     2 |    24 ||    26
